Map: [ESL] Alcyone

Players

Strange

  • Race: Protoss Protoss
  • Spawn Location: 1:00

Spirit - Winner!

  • Race: Terran Terran
  • Spawn Location: 7:00

Event: ESL SC2 Masters 2024 Spring (Regional)

VOD

Have the link to the VOD?

Description

Time

  • Played on: April 10, 2024, 10:51 a.m.
  • Length: 8:38

All games in this series

Show
View Real Time Build Order
Export as new Build Order

Strange Protoss 

Build Orders: Phoenix Opening, Blink Stalkers, Colossus Rush 

Get SALT Encoding   

  12  0:00  Probe  
  13  0:12  Probe  
  14  0:17  Pylon  
  14  0:24  Probe (Chrono Boost)  
  15  0:36  Gateway  
  15  0:37  Probe (Chrono Boost)  
  16  0:43  Probe (Chrono Boost)  
  16  0:45  Assimilator  
  17  0:51  Probe  
  17  0:53  Assimilator  
  18  1:04  Probe  
  19  1:16  Probe  
  20  1:23  Cybernetics Core  
  20  1:25  Zealot (Chrono Boost)  
  20  1:31  Pylon  
  20  1:32  Probe  
  23  1:49  Probe  
  24  1:59  Sentry (Chrono Boost), Warp Gate  
  26  2:01  Probe  
  27  2:10  Pylon  
  27  2:13  Probe  
  28  2:18  Nexus  
  28  2:26  Phoenix  
  28  2:28  Twilight Council  
  28  2:31  Probe  
  29  2:37  Stalker  
  29  2:43  Probe  
  32  2:55  Probe, Shield Battery  
  33  2:59  Blink (Chrono Boost)  
  33  3:10  Probe  
  34  3:13  Gateway  
  34  3:23  Probe (Chrono Boost)  
  35  3:32  Probe (Chrono Boost)  
  36  3:40  Probe (Chrono Boost)  
  38  3:41  Robotics Facility, Probe (Chrono Boost)  
  38  3:46  Probe x2 (Chrono Boost)  
  40  3:49  Stalker  
  42  3:58  Pylon, Probe x2  
  44  4:10  Probe  
  44  4:12  Probe  
  44  4:15  Forge  
  44  4:16  Assimilator  
  45  4:17  Assimilator, Stalker  
  45  4:22  Probe  
  48  4:25  Observer  
  48  4:26  Shield Battery  
  48  4:28  Probe  
  50  4:34  Probe  
  50  4:37  Robotics Bay  
  51  4:40  Probe  
  51  4:42  Stalker  
  51  4:44  Stalker  
  56  4:46  Probe  
  56  4:49  Protoss Ground Weapons Level 1  
  56  4:52  Probe  
  58  4:59  Probe  
  59  5:01  Pylon  
  59  5:06  Observer  
  59  5:08  Probe  
  61  5:17  Probe  
  61  5:20  Probe  
  62  5:26  Colossus (Chrono Boost)  
  62  5:29  Probe  
  62  5:31  Nexus  
  62  5:33  Pylon  
  69  5:38  Extended Thermal Lance  
  69  5:39  Probe  
  70  5:43  Charge  
  70  5:51  Probe  
  70  5:54  Probe  
  72  5:58  Pylon  
  72  6:02  Colossus (Chrono Boost)  
  72  6:09  Gateway  
  72  6:10  Observer  
  78  6:14  Gateway  
  78  6:16  Pylon, Probe x2  
  80  6:19  Sentry, Shield Battery  
  80  6:20  Sentry  
  84  6:28  Probe x2  
  82  6:40  Probe  
  82  6:50  Zealot x2, Colossus (Chrono Boost)  
  88  7:06  Stalker  
  90  7:11  Probe x3  
  90  7:15  Zealot x3  
  93  7:23  Probe x3  
  93  7:25  Templar Archives  
  96  7:35  Probe x3  
  91  7:43  Zealot x4  
  83  7:47  Probe  
  69  8:04  Stalker x3  
  69  8:05  Zealot  
  71  8:08  Probe x2  
  71  8:11  Probe  
  74  8:20  Probe x2  
  74  8:23  Probe  
Show
View Real Time Build Order
Export as new Build Order

Spirit Terran - Winner!

Build Orders: Reaper Expand 

Get SALT Encoding   

  12  0:00  SCV  
  13  0:12  SCV  
  14  0:17  Supply Depot  
  14  0:24  SCV  
  15  0:38  SCV  
  15  0:40  Barracks  
  16  0:44  Refinery  
  16  0:51  SCV  
  17  1:03  SCV  
  18  1:06  Engineering Bay  
  18  1:15  SCV  
  19  1:30  Orbital Command  
  19  1:31  Reaper  
  20  1:52  Command Center  
  20  1:57  SCV  
  21  2:03  Supply Depot  
  21  2:07  Marine  
  22  2:11  SCV  
  23  2:16  Factory  
  23  2:21  Bunker  
  23  2:25  Marine  
  23  2:26  SCV  
  25  2:36  Barracks  
  25  2:40  SCV  
  26  2:45  Barracks Reactor  
  26  2:52  SCV  
  26  2:56  Refinery  
  29  3:06  Hellion  
  29  3:08  Orbital Command  
  29  3:09  SCV  
  30  3:15  Starport  
  30  3:21  SCV  
  30  3:23  Marine x2  
  30  3:24  Barracks Tech Lab  
  33  3:28  Widow Mine  
  35  3:35  SCV x2  
  37  3:44  Marine x2  
  37  3:47  SCV x2  
  41  3:51  Medivac, Supply Depot  
  41  3:54  Widow Mine  
  45  3:58  Marine  
  45  4:01  Supply Depot  
  46  4:07  Marine  
  46  4:11  Marine  
  46  4:12  SCV x2  
  46  4:13  Stimpack  
  47  4:18  Engineering Bay  
  47  4:20  Factory Tech Lab  
  48  4:24  SCV x2, Marine  
  48  4:25  Starport Tech Lab, Marine  
  48  4:30  Refinery, Marine  
  52  4:36  SCV x2  
  54  4:38  Supply Depot  
  54  4:42  Marine  
  58  4:48  SCV, Raven  
  58  4:49  SCV  
  58  4:52  Supply Depot, Marine  
  60  4:59  Refinery  
  60  5:00  SCV  
  60  5:01  Marine  
  60  5:02  Barracks  
  60  5:04  SCV  
  63  5:08  Siege Tank  
  63  5:14  SCV, Supply Depot  
  67  5:20  SCV, Marauder, Marine  
  71  5:26  SCV  
  71  5:27  Terran Infantry Weapons Level 1  
  72  5:29  Marine  
  72  5:33  SCV  
  74  5:36  Supply Depot  
  74  5:38  SCV, Starport Reactor, Marine  
  76  5:44  Siege Tank  
  76  5:45  SCV  
  76  5:46  Marauder  
  76  5:47  Marine  
  83  5:50  SCV  
  83  5:56  Combat Shield  
  84  5:59  Supply Depot, Marauder  
  84  6:01  Marine  
  87  6:05  Marine  
  87  6:07  Marauder  
  87  6:08  Supply Depot  
  90  6:16  Medivac  
  92  6:19  Medivac  
  92  6:20  Command Center  
  92  6:21  Supply Depot  
  92  6:22  Marine  
  92  6:24  Supply Depot  
  92  6:25  Marauder  
  97  6:27  SCV  
  97  6:28  SCV, Marine  
  100  6:38  Supply Depot  
  100  6:39  Marauder  
  102  6:40  SCV x2  
  102  6:45  Medivac  
  102  6:46  Marauder  
  107  6:48  Medivac  
  107  6:52  SCV  
  107  6:53  Marine  
  111  7:01  Supply Depot, Marauder  
  114  7:02  Supply Depot  
  114  7:04  SCV  
  114  7:08  Marauder  
  116  7:12  Marine  
  118  7:20  Ghost Academy, Marine  
  118  7:22  SCV, Marauder  
  121  7:24  SCV  
  121  7:25  Barracks  
  121  7:27  Barracks  
  121  7:29  Marauder  
  124  7:30  Marine, Viking  
  124  7:34  SCV  
  124  7:36  SCV  
  114  7:38  Marine  
  114  7:43  Orbital Command  
  114  7:44  Marauder  
  102  7:46  SCV  
  102  7:48  SCV, Marine  
  102  7:50  Marauder  
  98  7:58  SCV  
  98  7:59  Marine  
  98  8:00  SCV  
  98  8:05  Marauder  
  96  8:11  SCV  
  96  8:12  SCV  
  102  8:13  SCV  
  102  8:15  Marauder  
  102  8:18  Barracks Tech Lab  
  105  8:20  Barracks Reactor  
  105  8:23  SCV, Refinery  
  105  8:24  Refinery  
  105  8:25  SCV  
Tags
 
Add a new tag
Caveats
  • Supply blocks, unpowered buildings, or Contaminate may cause inaccurate times.
  • Supply counts are checked every 10 seconds.